 Dungeon Crawl Stone Soup version 0.24-a0-335-g06ca16af6c (webtiles) character file.

Game seed: 12708384739395853777

2747 Zarkath the Grappler (level 9, -1/71 HPs)
             Began as a Demonspawn Wanderer on May 18, 2019.
             Was a Believer of Makhleb.
             Slain by a hog (8 damage)
             ... on level 7 of the Dungeon.
             The game lasted 00:23:28 (9524 turns).

Zarkath the Grappler (Demonspawn Wanderer)          Turns: 9524, Time: 00:23:29

Health: -1/71      AC: 12    Str: 17    XL:     9   Next: 41%
Magic:  13/13      EV: 11    Int: 12    God:    Makhleb [**....]
Gold:   294        SH:  0    Dex: 13    Spells: 14/14 levels left

rFire    . . .     SeeInvis .     - Unarmed
rCold    + . .     Gourm    .   (no shield)
rNeg     . . .     Faith    .   q - -1 leather armour (curse)
rPois    .         Spirit   .   (no helmet)
rElec    +         Reflect  .   (no cloak)
rCorr    .         Harm     .   (no gloves)
MR       +....                  o - +0 pair of boots
Stlth    +.........             (no amulet)
HPRegen  0.21/turn              m - ring of protection from magic
MPRegen  0.13/turn              A - +4 ring of protection

@: flying
A: talons 1, thin metallic scales 3, cold resistance 1
a: Minor Destruction, Renounce Religion


You were on level 7 of the Dungeon.
You worshipped Makhleb.
Makhleb was pleased with you.
You were not hungry.

You visited 1 branch of the dungeon, and saw 7 of its levels.

You collected 308 gold pieces.
You spent 14 gold pieces at shops.

Inventory:

Hand Weapons
 a - a +0 spear
 h - a +2 dagger of venom
Missiles
 g - 187 stones
 v - 5 boomerangs (quivered)
 x - 22 poisoned darts
Armour
 d - a +0 robe
 j - a +0 leather armour
 k - a +0 chain mail of fire resistance
 o - a +0 pair of boots (worn)
 q - a cursed -1 leather armour (worn)
Jewellery
 m - a ring of protection from magic (left hand)
 t - an uncursed ring of see invisible
 A - a +4 ring of protection (right hand)
 D - a +3 ring of protection
 E - an uncursed ring of wizardry {unknown}
 H - an uncursed amulet of magic regeneration {unknown}
Wands
 c - a wand of paralysis (15)
 B - a wand of flame (21)
 G - a wand of random effects (40)
Scrolls
 i - 2 scrolls of enchant armour
 n - 2 scrolls of enchant weapon
 F - a scroll of remove curse
Potions
 b - a potion of flight
 e - 3 potions of curing
 l - 3 potions of degeneration
 p - a potion of agility {unknown}
 r - a potion of resistance {unknown}
 s - a potion of lignification {unknown}
 u - 3 potions of magic {unknown}
 w - 3 potions of ambrosia {unknown}
 z - 2 potions of heal wounds {unknown}
 C - 2 potions of mutation {unknown}
Comestibles
 f - 17 rations
 J - 2 chunks of flesh


   Skills:
 + Level 6.5 Fighting
 - Level 1.7 Polearms
 - Level 3.0 Throwing
 + Level 5.5 Armour
 - Level 1.2 Dodging
 * Level 8.0 Unarmed Combat
 - Level 3.0 Spellcasting
 - Level 1.0 Evocations


You had 14 spell levels left.
You didn't know any spells.
Your spell library contained the following spells:

 Spells                   Type           Power        Failure   Level  Hunger
 Magic Dart               Conj           #...         28%         1    #......
 Corpse Rot               Necr           N/A          41%         2    ###....
 Searing Ray              Conj           #.....       41%         2    ###....
 Sublimation of Blood     Necr           #.........   41%         2    ###....
 Dazzling Spray           Conj/Hex       #.....       65%         3    ###....
 Force Lance              Conj/Tloc      #.......     96%         4    #####..
 Fulminant Prism          Conj/Hex       #.........   96%         4    #####..
 Iskenderun's Mystic Bla  Conj           #.......     96%         4    #####..


Dungeon Overview and Level Annotations

Branches:
Dungeon (7/15)             Temple (0/1) D:7

Altars:
Ashenzari
Dithmenos
Gozag
Makhleb
Okawaru
Qazlal
Ru
Trog
Vehumet
Xom
Yredelemnul

Shops:
D:4 :   D:6 !


Innate Abilities, Weirdness & Mutations

You have sharp toenails.
You are completely covered in thin metallic scales. (AC +4, rElec)
Your flesh is cold resistant. (rC+)


Message History

You completely miss the hog.
The hog is heavily wounded.
The hog bites you. The hog barely misses you. The hog bites you.
Unknown command.
The hog bites you but does no damage. The yak gores you!
The hog bites you but does no damage. The hog bites you but does no damage.
The hog bites you but does no damage. The hog bites you.
* * * LOW HITPOINT WARNING * * *
Okay, then.
You feel better. The hog bites you!
* * * LOW HITPOINT WARNING * * *
The hog bites you!
* * * LOW HITPOINT WARNING * * *
Okay, then.
It was a potion of flight.
You feel very buoyant.
You fly up into the air.
The hog bites you!
You die...

#%%...)..######
#######......... ######
#............####....#
#.....................
#..###...............#
#..# +.......[.......#
#..###........##..####
#..Yh..###.........#
#...h@.............###
######.........#......
#.........###...#
########...(.....###....
#..^..).(.........###..#
#......†###.....#.......
#.......# #.###.##......
#.......###.# #.........
#........##.# ####......


You could see a yak and 2 hogs.

Vanquished Creatures
  Grinder (D:5)
  A hog (D:7)
  A human (D:7)
  A water moccasin (D:6)
  An orc warrior (D:6)
  An eye of draining (D:6)
  A hornet zombie (D:7)
  A sky beast (D:7)
  2 phantoms
  An ice beast (D:5)
  A centaur (D:7)
  2 ogres
  3 bullfrogs
  A scorpion (D:5)
  A howler monkey (D:7)
  4 crimson imps
  A bullfrog zombie (D:7)
  A centaur zombie (D:5)
  3 jellies (D:5)
  4 hounds
  5 orc wizards
  3 orc priests
  A bullfrog skeleton (D:5)
  7 worker ants
  A worker ant zombie (D:6)
  4 gnolls (D:3)
  3 adders
  A shadow imp (D:5)
  An adder zombie (D:6)
  An adder skeleton (D:5)
  4 worms
  2 dart slugs
  5 leopard geckos
  26 orcs
  A ball python (D:6)
  4 bats
  3 giant cockroaches
  4 hobgoblins
  11 jackals
  A quokka (D:4)
  5 frilled lizards
  8 goblins
  A jackal skeleton (D:6)
  5 kobolds
  A leopard gecko skeleton (D:4)
  10 rats
150 creatures vanquished.

Vanquished Creatures (others)
  A plant (D:7)
1 creature vanquished.

Grand Total: 151 creatures vanquished

Notes
Turn   | Place    | Note
-------+----------+-------------------------------------------
     0 | D:1      | Zarkath the Demonspawn Wanderer began the quest for the
                  | Orb.
     0 | D:1      | Zarkath set off with the following items: a +0 spear, a
                  | wand of paralysis (15), a +0 robe, a ration; and the
                  | following spells available to memorise: Corpse Rot,
                  | Sublimation of Blood
     0 | D:1      | Reached XP level 1. HP: 16/16 MP: 4/4
   367 | D:1      | Gained mutation: You are partially covered in thin metallic
                  | scales. (AC +2) [demonic ancestry]
   367 | D:1      | Reached XP level 2. HP: 22/22 MP: 6/6
   681 | D:1      | Reached skill level 1 in Unarmed Combat
   979 | D:2      | Found an opulent altar of Gozag.
  1089 | D:2      | Gained mutation: You have sharp toenails. [demonic
                  | ancestry]
  1089 | D:2      | Reached XP level 3. HP: 28/28 MP: 7/7
  1295 | D:2      | Reached skill level 1 in Armour
  1633 | D:2      | Found a basalt altar of Yredelemnul.
  1736 | D:2      | Found a sacrificial altar of Ru.
  2429 | D:3      | Reached skill level 2 in Unarmed Combat
  2429 | D:3      | Gained mutation: You are mostly covered in thin metallic
                  | scales. (AC +3) [demonic ancestry]
  2429 | D:3      | Reached XP level 4. HP: 12/34 MP: 8/8
  3264 | D:3      | Reached XP level 5. HP: 39/40 MP: 9/9
  3799 | D:3      | Found a burning altar of Makhleb.
  3799 | D:3      | Found a radiant altar of Vehumet.
  3987 | D:3      | Became a worshipper of Makhleb the Destroyer
  4135 | D:4      | Reached skill level 3 in Unarmed Combat
  4536 | D:4      | Found a bloodstained altar of Trog.
  4610 | D:4      | Noticed an ogre
  4798 | D:4      | Gained mutation: Your flesh is cold resistant. (rC+)
                  | [demonic ancestry]
  4798 | D:4      | Reached XP level 6. HP: 40/47 MP: 10/10
  5421 | D:4      | Found Pien's Book Shoppe.
  5797 | D:5      | Entered Level 5 of the Dungeon
  5810 | D:5      | Reached skill level 4 in Unarmed Combat
  5889 | D:4      | Gained mutation: You are completely covered in thin
                  | metallic scales. (AC +4, rElec) [demonic ancestry]
  5889 | D:4      | Reached XP level 7. HP: 36/53 MP: 11/11
  6264 | D:5      | Noticed Grinder
  6636 | D:5      | Killed Grinder
  6636 | D:5      | Reached * piety under Makhleb
  6636 | D:5      | Reached skill level 5 in Unarmed Combat
  6636 | D:5      | Reached XP level 8. HP: 46/61 MP: 12/12
  7573 | D:6      | Reached skill level 5 in Fighting
  7607 | D:6      | Reached skill level 6 in Unarmed Combat
  7656 | D:6      | Found a shimmering altar of Xom.
  8116 | D:6      | Found a shattered altar of Ashenzari.
  8295 | D:6      | Found Hooheyni's Distillery.
  8300 | D:6      | Bought a potion of degeneration for 14 gold pieces
  8542 | D:6      | Reached skill level 7 in Unarmed Combat
  8607 | D:7      | Reached XP level 9. HP: 66/69 MP: 13/13
  8710 | D:7      | Reached skill level 5 in Armour
  8807 | D:7      | Found a staircase to the Ecumenical Temple.
  9115 | D:7      | Reached ** piety under Makhleb
  9141 | D:7      | Found a shadowy altar of Dithmenos.
  9273 | D:7      | Found a stormy altar of Qazlal.
  9273 | D:7      | Found an iron altar of Okawaru.
  9273 | D:7      | Noticed a two-headed ogre
  9508 | D:7      | Reached skill level 8 in Unarmed Combat
  9524 | D:7      | Slain by a hog

Levels and vault maps discovered:
D:1:      minmay_arrival_widening_spiral_wide, layout_loops_ring,
          corexii_leaking_fountain, minmay_split_cup_large
D:2:      layout_basic, lemuel_round_altar, yredelemnul_altar_generic,
          nicolae_gozag_cash_rules_everything_around_me
D:3:      layout_loops_corners, grunt_temple_overflow_lords_of_destruction,
          first_ration
D:4:      layout_basic, serial_shops, nicolae_shop_competitors_out_of_business,
          trog_book
D:5:      layout_rooms, uniq_grinder
D:6:      layout_loops_ring, marbit_many_paths, xom_butterflies, serial_shops,
          nicolae_shop_temple_entry_statues_fountains
D:7:      layout_rooms, gammafunk_temple_overflow_forgotten,
          kennysheep_mini_moat, minmay_temple_entry_junction, grunt_livestock,
          nicolae_dithmenos_through_a_glass_darkly

Skill      XL: |  1  2  3  4  5  6  7  8  9 |
---------------+----------------------------+-----
Unarmed Combat | 1 2 3 4 5 7 8 |  8.0
Armour         | 1 2 3 4 5 |  5.5
Fighting       | 3 4 5 6 |  6.5
Throwing       | 2 3 |  3.0
Polearms       | |  1.7
Dodging        | |  1.2
Spellcasting   | |  3.0
Evocations     | |  1.0

Action                   |  1- 3 |  4- 6 |  7- 9 || total
-------------------------+-------+-------+-------++-------
Melee: Dagger            |    95 |   151 |    79 ||   325
       Punch             |       |     2 |    11 ||    13
       Unarmed           |       |       |   277 ||   277
Throw: Stone             |    35 |     1 |       ||    36
       Dart              |    20 |    63 |    34 ||   117
       Boomerang         |       |    32 |    40 ||    72
  Use: Scroll            |     2 |     4 |     3 ||     9
       Potion            |       |       |     3 ||     3
  Eat: Chunk             |     4 |    11 |     9 ||    24
       Ration            |       |       |     1 ||     1
Armor: Leather armour    |    18 |    41 |   125 ||   184
Dodge: Dodged            |    58 |    74 |   168 ||   300

Table legend:
 A = Non-vault XP
 B = Vault XP
 C = Vault XP percentage of total XP
 D = Non-vault monster count
 E = Vault monster count
 F = Vault count percentage of total count
                 A         B        C        D         E       F
            +---------+---------+-------+---------+---------+-------
      Total |    3098 |     827 |  21.1 |     141 |       9 |   6.0
            +---------+---------+-------+---------+---------+-------
        D:1 |      16 |       7 |  30.4 |      11 |       4 |  26.7
        D:2 |      37 |       0 |   0.0 |      20 |       0 |   0.0
        D:3 |     150 |      50 |  25.0 |      27 |       1 |   3.6
        D:4 |     406 |       0 |   0.0 |      25 |       0 |   0.0
        D:5 |     740 |     277 |  27.2 |      16 |       1 |   5.9
        D:6 |     754 |     151 |  16.7 |      20 |       1 |   4.8
        D:7 |     995 |     342 |  25.6 |      22 |       2 |   8.3
            +---------+---------+-------+---------+---------+-------
